 Seeded DCSS version 0.28-a0-1117-g0bdd5ba030 (webtiles) character file.

Game seed: 16008875487339432128 (custom seed)

1560 croobank the Conjurer (level 8, -9/50 HPs)
             Began as an Octopode Conjurer on Dec 11, 2021.
             Mangled by bande's ghost (11 damage)
             ... on level 5 of the Dungeon.
             The game lasted 00:46:26 (8015 turns).

croobank the Conjurer (Octopode Conjurer)           Turns: 8015, Time: 00:46:27

Health: -9/50      AC:  1    Str:  8    XL:     8   Next: 89%
Magic:  4/15       EV: 14    Int: 27    God:
Gold:   160        SH:  9    Dex: 10    Spells: 7/17 levels left

rFire   . . .      SeeInvis +   c - staff of conjuration
rCold   . . .      Faith    .   (no shield)
rNeg    . . .      Spirit   .   (helmet restricted)
rPois   .          Reflect  +   i - amulet of reflection
rElec   .          Harm     .   a - ring of see invisible
rCorr   .          Rampage  .   f - +6 ring of intelligence
Will    .....                   (no ring)
Stlth   ++++......              (no ring)
HPRegen 0.16/turn               (no ring)
MPRegen 0.14/turn               (no ring)
                                (no ring)
                                (no ring)

@: invisible
A: almost no armour, amphibious, 8 rings, camouflage 1, gelatinous body 1,
(nimble swimmer 1), tentacles, large bone plates 1, MP-powered wands
a: no special abilities


You were on level 5 of the Dungeon.
You visited 1 branch of the dungeon, and saw 5 of its levels.

You collected 160 gold pieces.

Inventory:

Hand Weapons
 d - a +0 dagger
 h - a +0 dire flail
 r - a +0 vorpal flail
 w - a +0 antimagic whip
Missiles
 b - 180 stones
 g - 23 sling bullets
 m - 2 throwing nets
Magical Staves
 c - a staff of conjuration (weapon)
Jewellery
 a - a ring of see invisible (left tentacle)
 f - a +6 ring of intelligence (right tentacle)
 i - an amulet of reflection (around mantle)
Scrolls
 e - 8 scrolls of identify {identify, unknown}
 l - 3 scrolls of enchant weapon {enchant weapon, unknown}
 o - 2 scrolls of amnesia {amensia, unknown}
 s - a scroll of fear {fear}
 u - 3 scrolls of vulnerability {vulnerability, unknown}
 y - a scroll of magic mapping {magic mapping, unknown}
Potions
 n - 2 potions of flight {flight, unknown}
 q - a potion of might {might, unknown}
 t - 2 potions of attraction {attraction, unknown}
 x - a potion of cancellation {cancellation, unknown}
 A - a potion of degeneration {degeneration, unknown}


   Skills:
 + Level 2.0 Fighting
 + Level 2.7 Staves
 + Level 4.5 Dodging
 + Level 6.2 Stealth
 + Level 3.0 Shields
 + Level 0.1 Unarmed Combat
 + Level 5.0 Spellcasting
 + Level 6.9 Conjurations


You had 7 spell levels left.
You knew the following spells:

 Your Spells              Type           Power      Damage    Failure   Level
a - Magic Dart            Conj           100%       1d8       1%          1
b - Searing Ray           Conj           100%       2d8       1%          2
c - Dazzling Flash        Conj/Hex       76%        N/A       5%          3
d - Fulminant Prism       Conj/Hex       19%        3d11      17%         4

Your spell library contained the following spells:

 Spells                   Type           Power      Damage    Failure   Level
 Stone Arrow              Conj/Erth      76%        3d11      5%          3
 Sandblast                Erth           12%        2d6       7%          1
 Passwall                 Tmut/Erth      5%         N/A       11%         2
 Iskenderun's Mystic Bla  Conj/Tloc      38%        2d9       17%         4


Dungeon Overview and Level Annotations

Branches:
Dungeon (5/15)
 Temple: D:4-7

Altars:
Wu Jian
The Shining One

Annotations:
D:3 2 transporters, bande's ghost, amateur GrFi
D:5 bande's ghost, novice GrFi


Innate Abilities, Weirdness & Mutations

You cannot wear most types of armour.
You are amphibious.
You can wear up to eight rings at the same time.
Your skin changes colour to match your surroundings (Stealth+).
Your rubbery body absorbs attacks. (AC +1, EV +1)
((You are camouflaged near water. (Stealth+)))
You have tentacles for arms and can constrict up to eight enemies at once.
You are partially covered in large bone plates. (SH +4)
You expend magic power (3 MP) to strengthen your wands.


Message History

You hear an explosion!
The blast of energy engulfs bande's ghost!
Bande's ghost is moderately damaged.
Casting: Fulminant Prism (quite dangerous; 17% risk of failure)
Confirm with . or Enter, or press ? or * to list all spells.
Aiming: Searing Ray (safe; 1% risk of failure)
Press: ? - help, Shift-Dir - straight line, f - bande's ghost
Aim: bande's ghost (moderately damaged, 85% to hit)
You feel a surge of power!
The searing ray hits bande's ghost!
Bande's ghost is heavily damaged. (Press . to maintain the ray.)
You block bande's ghost's attack.
The searing ray hits bande's ghost.
Bande's ghost is heavily damaged.
Bande's ghost hits you!
The searing ray hits bande's ghost.
Bande's ghost is heavily damaged.
Bande's ghost closely misses you.
The searing ray hits bande's ghost but does no damage.
Bande's ghost is heavily damaged.
You finish channelling your searing ray.
Bande's ghost closely misses you.
Casting: Searing Ray (safe; 1% risk of failure)
Confirm with . or Enter, or press ? or * to list all spells.
Aiming: Searing Ray (safe; 1% risk of failure)
Press: ? - help, Shift-Dir - straight line, f/p - bande's ghost
Aim: bande's ghost (heavily damaged, 85% to hit)
You feel a surge of power!
The searing ray hits bande's ghost.
Bande's ghost is severely damaged. (Press . to maintain the ray.) Bande's ghost hits you!
The searing ray hits bande's ghost but does no damage.
Bande's ghost is severely damaged.
Bande's ghost hits you!
* * * LOW HITPOINT WARNING * * *
Okay, then.
It was a potion of invisibility {invisibility}.
You fade into invisibility!
Bande's ghost hits you!
You die...

#........# #...##.....#
#.#####..# #...#####..#
#.# #..# ##...## #..#
#.# #..######.#.#.#
#..#
###.#####........*....#
#..#
.........#.######.#.#.#
#..# ###.####.#.#
#####....####..# ....#
#.#.###...W..........#
#####
#>#.>....@...#########
#.......######
#########


You could see bande's ghost.

Vanquished Creatures
  Eustachio (D:5)
  The ghost of math4jedi the Chopper, an amateur HOFi (D:4)
  A yak (D:5)
  A water moccasin (D:5)
  2 phantoms
  Blork the orc (D:5)
  2 scorpions (D:5)
  A water moccasin skeleton (D:5)
  A howler monkey (D:5)
  A bullfrog zombie (D:5)
  A centaur skeleton (D:4)
  Jessica (D:3)
  A bullfrog skeleton (D:5)
  4 orc wizards
  2 iguanas
  A hound zombie (D:5)
  A hound skeleton (D:5)
  A howler monkey zombie (D:5)
  8 adders
  2 worms (D:3)
  An adder skeleton (D:5)
  4 dart slugs
  12 orcs
  3 endoplasms
  A giant cockroach (D:4)
  5 goblins
  8 hobgoblins
  4 jackals (D:2)
  9 kobolds
  3 quokkas
  8 ball pythons
  6 bats
  4 frilled lizards
  9 rats
111 creatures vanquished.

Vanquished Creatures (collateral kills)
  Edmund (D:4)
1 creature vanquished.

Vanquished Creatures (others)
  2 fulminant prisms (D:5)
2 creatures vanquished.

Grand Total: 114 creatures vanquished

Notes
Turn   | Place    | Note
-------+----------+-------------------------------------------
     0 | D:1      | croobank the Octopode Conjurer began the quest for the Orb.
     0 | D:1      | Reached XP level 1. HP: 11/11 MP: 3/3
    81 | D:1      | You fall into a shaft and drop 1 floor!
   167 | D:2      | Reached XP level 2. HP: 4/17 MP: 0/5
   786 | D:1      | Learned a level 2 spell: Searing Ray
  1602 | D:1      | Reached XP level 3. HP: 21/21 MP: 3/6
  1639 | D:1      | Noticed an eye of devastation
  1640 | D:1      | Noticed a shining eye
  1642 | D:1      | Found a faded altar of an unknown god.
  1644 | D:1      | Noticed a golden eye
  1644 | D:1      | Noticed an eye of devastation
  2072 | D:2      | Reached XP level 4. HP: 27/27 MP: 1/7
  2669 | D:3      | Found a transporter.
  2669 | D:3      | Noticed bande's ghost (amateur GrFi)
  2694 | D:3      | Found a transporter.
  2842 | D:3      | Reached skill level 5 in Conjurations
  3489 | D:3      | Noticed Jessica
  3493 | D:3      | Killed Jessica
  3494 | D:3      | Reached XP level 5. HP: 32/32 MP: 4/9
  3876 | D:3      | Found an ornate altar of the Wu Jian Council.
  4275 | D:4      | Found a runed translucent door.
  4275 | D:4      | Noticed math4jedi's ghost (amateur HOFi)
  4555 | D:4      | Noticed a phantom
  4563 | D:4      | Killed a phantom
  4564 | D:4      | Reached XP level 6. HP: 36/37 MP: 2/11
  5040 | D:4      | Gained mutation: You expend magic power (3 MP) to
                  | strengthen your wands. [potion of mutation]
  5040 | D:4      | Gained mutation: You are partially covered in large bone
                  | plates. (SH +4) [potion of mutation]
  5105 | D:4      | Noticed Edmund
  5128 | D:4      | Killed Edmund
  5438 | D:4      | Reached skill level 1 in Fighting
  5438 | D:4      | Reached XP level 7. HP: 29/43 MP: 8/12
  5590 | D:4      | Killed math4jedi's ghost
  5591 | D:4      | Reached skill level 1 in Staves
  5591 | D:4      | Reached skill level 1 in Shields
  5923 | D:5      | Entered Level 5 of the Dungeon
  5944 | D:5      | Reached skill level 5 in Stealth
  6217 | D:5      | Reached XP level 8. HP: 19/48 MP: 1/14
  6424 | D:5      | Noticed a yak
  6434 | D:5      | Learned a level 3 spell: Dazzling Flash
  6439 | D:5      | Learned a level 4 spell: Fulminant Prism
  6863 | D:5      | Killed a yak
  7389 | D:5      | Noticed Eustachio
  7401 | D:5      | Killed Eustachio
  7402 | D:5      | Reached skill level 5 in Spellcasting
  7445 | D:5      | Found a glowing golden altar of the Shining One.
  7448 | D:5      | Noticed Blork the orc
  7455 | D:5      | Killed Blork the orc
  7679 | D:5      | Found a runed translucent door.
  7680 | D:5      | Noticed bande's ghost (novice GrFi)
  8014 | D:5      | HP: 2/50 [bande's ghost (14)]
  8015 | D:5      | Mangled by bande's ghost

Illustrated notes

Levels and vault maps discovered:
D:1:      heliophobic_arrival_henge, layout_basic,
          hellmonk_ecumenical_altar_watching_god
D:2:      layout_basic
D:3:      minmay_inner_zag, layout_basic, nzn_wu_jian_council_hall,
          gammafunk_ghost_stat_death, kennysheep_jessica_study, uniq_jessica
D:4:      layout_loops_corners, hellmonk_ghost_happy_afterlife,
          lightli_ossuary_entry_decrepit_ruins, uniq_edmund
D:5:      minmay_clustersquares, layout_loops_ring, tso_metal_star,
          gammafunk_ghost_grave, uniq_blork_the_orc, uniq_eustachio

Skill      XL: |  1  2  3  4  5  6  7  8 |
---------------+-------------------------+-----
Stealth        | 3 4 5 6 |  6.2
Conjurations   | 5 6 |  6.9
Spellcasting   | 3 4 5 |  5.0
Dodging        | 3 4 |  4.5
Fighting       | 1 2 |  2.0
Staves         | 1 2 |  2.7
Shields        | 1 3 |  3.0
Unarmed Combat | |  0.1

Action                   |  1- 3 |  4- 6 |  7- 9 || total
-------------------------+-------+-------+-------++-------
Melee: Unarmed           |    15 |       |       ||    15
       Constrict         |    10 |     9 |    14 ||    33
       Tentacles         |     3 |     3 |    14 ||    20
       Staff             |    14 |    38 |    66 ||   118
 Cast: Magic Dart        |    37 |    54 |    32 ||   123
       Searing Ray       |     7 |    13 |    22 ||    42
       Fulminant Prism   |       |       |     2 ||     2
Evoke: Wand              |       |       |     8 ||     8
  Use: Scroll            |     1 |     2 |     3 ||     6
       Potion            |       |     1 |     4 ||     5
 Stab: Sleeping          |       |     3 |     1 ||     4
Armor: Skin              |     7 |     5 |     2 ||    14
Dodge: Dodged            |    19 |    20 |    40 ||    79
Block: Other             |     1 |    20 |    40 ||    61
       Reflection        |       |     3 |       ||     3

Table legend: (Time is in decaauts)
 A = Elapsed time spent in this place.
 B = Non-inter-level travel time spent in this place.
 C = Inter-level travel time spent in this place.
 D = Time resting spent in this place.
 E = Time spent auto-exploring this place.
 F = Levels seen in this place.
 G = Mean time per level.
                   A        B        C        D        E       F      G
               +--------+--------+--------+--------+--------+-----+--------+
         Total |   8017 |   7913 |    104 |   1821 |   4852 |   5 | 1603.4 |
       Dungeon |   8017 |   7913 |    104 |   1821 |   4852 |   5 | 1603.4 |
               +--------+--------+--------+--------+--------+-----+--------+

Top non-repeatable levels by time:
     D:4: 1970 daAuts
     D:5: 1849 daAuts
     D:3: 1616 daAuts
     D:2: 1370 daAuts
     D:1: 1211 daAuts
